 Dungeon Crawl Stone Soup version 0.18.1-47-g9310371 (webtiles) character file.

91 Luxxor the Skirmisher (level 4, -5/35 HPs)
             Began as a Human Fighter on June 20, 2016.
             Was a Follower of Nemelex Xobeh.
             Slain by Natasha (7 damage)
             ... on level 2 of the Dungeon.
             The game lasted 00:22:33 (1680 turns).

Luxxor the Skirmisher (Human Fighter)               Turns: 1680, Time: 00:22:36

Health: -5/35      AC:  6    Str: 16 (17) XL:     4   Next: 88%
Magic:  4/4        EV:  7    Int:  7 (8)  God:    Nemelex Xobeh [*.....]
Gold:   51         SH:  9    Dex: 13      Spells: 0 memorised, 3 levels left

rFire  . . .     SeeInvis .     u - -1 hunting sling (curse)
rCold  . . .     Gourm    .     b - +0 scale mail
rNeg   . . .     Faith    .     c - +0 shield
rPois  .         Spirit   .     (no helmet)
rElec  .         Dismiss  .     (no cloak)
rCorr  .         Reflect  .     (no gloves)
SustAt .         Harm     .     (no boots)
MR     .....                    (no amulet)
Stlth  ..........               h - ring of loudness (curse)
                                x - +4 ring of slaying

@: slowed, very slow, not resistant to hostile enchantments, extremely
unstealthy
A: no striking features
a: Renounce Religion


You were on level 2 of the Dungeon.
You worshipped Nemelex Xobeh.
Nemelex Xobeh was aware of your devotion.
You were hungry.

You visited 1 branch of the dungeon, and saw 2 of its levels.

You collected 51 gold pieces.

Inventory:

Hand Weapons
 a - a +0 long sword
 u - a cursed -1 hunting sling (weapon)
 w - a +2 dagger of flaming
Missiles
 e - 26 stones (quivered)
 k - 4 needles of confusion
 v - 18 poisoned needles
Armour
 b - a +0 scale mail (worn)
 c - a +0 shield (worn)
 y - a +0 leather armour
Magical Staves
 o - an uncursed staff of wizardry {unknown}
Jewellery
 h - a cursed ring of loudness (right hand)
 n - an uncursed ring of protection from fire
 x - a +4 ring of slaying (left hand)
Scrolls
 r - 2 scrolls of amnesia
 t - a scroll of teleportation
Potions
 d - a potion of might
 l - a potion of cancellation
 s - a potion of flight
Miscellaneous
 g - a plain deck of destruction
 j - a plain deck of war
Comestibles
 f - a bread ration
 i - 2 chunks of flesh
 m - 2 slices of pizza
 p - 2 meat rations
 q - a royal jelly


   Skills:
 + Level 3.5 Fighting
 + Level 2.2 Long Blades
 + Level 2.0 Slings
 + Level 3.4 Armour
 + Level 0.6 Dodging
 + Level 3.4 Shields


You had 3 spell levels left.
You didn't know any spells.

Dungeon Overview and Level Annotations

Branches:
Dungeon (2/15)

Altars:
Nemelex Xobeh

Annotations:
D:2 Natasha


Message History

You feel yourself slow down.
Firing (i - inventory):
e - 28 stones (quivered)
Press: ? - help, Shift-Dir - straight line, f - Natasha
Aim: Natasha You shoot a stone.
The stone closely misses Natasha.
The stone hits the crimson imp.
The crimson imp is lightly wounded.
The adder barely misses you.
Natasha casts a spell.
The adder bites you but does no damage.
Firing (i - inventory):
e - 27 stones (quivered)
Press: ? - help, Shift-Dir - straight line, f/p - Natasha
Aim: Natasha You shoot a stone.
The stone hits Natasha.
Natasha is heavily wounded.
The adder closely misses you. Natasha claws you.
* * * LOW HITPOINT WARNING * * *
You block the adder's attack.
The crimson imp blinks!
Natasha claws you!
You die...
Your body disappears without a glow.

#................
#................
#..........####..
#..........######
#...............#
#..(............#
##...............#
#5h§..............
#@S.........#.....
#...........#.....
#......######.....
#.................
#.......5.........
#.................
#......####.......
#......# #.......
#......# #.......


You could see Natasha, 2 crimson imps and an adder.

Vanquished Creatures
  Natasha (D:2)
  2 adders (D:2)
  2 dart slugs
  A giant gecko (D:2)
  A bat (D:1)
  4 giant cockroaches (D:1)
  7 goblins
  6 hobgoblins
  4 jackals (D:2)
  A quokka (D:2)
  2 giant newts
  6 kobolds (D:1)
  3 rats (D:1)
40 creatures vanquished.

Notes
Turn   | Place    | Note
--------------------------------------------------------------
     0 | D:1      | Luxxor the Human Fighter began the quest for the Orb.
     0 | D:1      | Reached XP level 1. HP: 18/18 MP: 1/1
   204 | D:1      | Reached XP level 2. HP: 24/24 MP: 2/2
   385 | D:1      | Reached XP level 3. HP: 28/29 MP: 3/3
   749 | D:2      | Found a faded altar to an unknown god.
  1025 | D:2      | Became a worshipper of Nemelex Xobeh the Trickster
  1025 | D:2      | Received a gift from Nemelex Xobeh
  1025 | D:2      | Reached * piety under Nemelex Xobeh
  1025 | D:2      | Received a gift from Nemelex Xobeh
  1241 | D:2      | Reached skill level 1 in Slings
  1241 | D:2      | Reached XP level 4. HP: 28/35 MP: 4/4
  1358 | D:2      | Noticed Natasha
  1380 | D:2      | Killed Natasha
  1629 | D:2      | Noticed Natasha
  1680 | D:2      | Slain by Natasha

Skill      XL: |  1  2  3  4 |
---------------+-------------+-----
Slings         | 1 2 |  2.0
Fighting       | |  3.5
Long Blades    | |  2.2
Armour         | |  3.4
Dodging        | |  0.6
Shields        | |  3.4

Action                   |  1- 3 |  4- 6 || total
-------------------------+-------+-------++-------
Melee: Long sword        |    72 |       ||    72
       Hunting sling     |     9 |     9 ||    18
 Fire: Hunting sling     |    42 |    62 ||   104
  Use: Scroll            |     5 |       ||     5
       Potion            |     4 |     1 ||     5
  Eat: Chunk             |       |     2 ||     2
Armor: Scale mail        |    61 |    24 ||    85
Dodge: Dodged            |    43 |    21 ||    64
Block: Shield            |    87 |    37 ||   124
